 Dungeon Crawl Stone Soup version 0.24-a0-201-gf205589 (webtiles) character file.

Game seed: 2941544863507299652

408 Hasart the Skirmisher (level 6, -1/48 HPs)
             Began as a Demonspawn Fighter on Mar 20, 2019.
             Slain by an ogre
             ... wielding a +0 giant club
              (8 damage)
             ... on level 4 of the Dungeon.
             The game lasted 00:05:19 (2791 turns).

Hasart the Skirmisher (Demonspawn Fighter)          Turns: 2791, Time: 00:05:20

Health: -1/48      AC:  8    Str: 18    XL:     6   Next: 57%
Magic:  6/6        EV:  8    Int: 10    God:
Gold:   262        SH:  9    Dex: 12    Spells: 5/5 levels left

rFire    . . .     SeeInvis +     - Unarmed
rCold    . . .     Gourm    .   c - +0 shield
rNeg     . . .     Faith    +   b - +0 scale mail
rPois    .         Spirit   .   (no helmet)
rElec    .         Reflect  .   (no cloak)
rCorr    .         Harm     .   (gloves unavailable)
MR       .....                  a - +0 pair of boots
Stlth    ..........             t - amulet of faith
HPRegen  0.16/turn              q - ring of see invisible
MPRegen  0.10/turn              (no ring)

@: no status effects
A: claws 3, spiny 1
a: no special abilities


You were on level 4 of the Dungeon.
You were not hungry.

You visited 1 branch of the dungeon, and saw 4 of its levels.

You collected 262 gold pieces.

Inventory:

Armour
 a - a +0 pair of boots (worn)
 b - a +0 scale mail (worn)
 c - a +0 shield (worn)
Jewellery
 q - a ring of see invisible (left claw)
 t - an amulet of faith (around neck)
Scrolls
 e - 4 scrolls of identify {unknown}
 h - a scroll of blinking {unknown}
 j - 2 scrolls of teleportation {unknown}
 l - a scroll of magic mapping {unknown}
 n - 2 scrolls of remove curse {unknown}
 o - a scroll of enchant armour {unknown}
 r - a scroll of amnesia {unknown}
 s - a scroll of noise {unknown}
Potions
 g - a potion of haste {unknown}
 i - a potion of berserk rage {unknown}
 k - 2 potions of curing
 m - a potion of magic {unknown}
 p - 3 potions of mutation {unknown}
 u - 2 potions of lignification {unknown}
Comestibles
 d - 2 chunks of flesh
 f - 5 rations


   Skills:
 + Level 4.0 Fighting
   Level 2.0 Axes
 + Level 3.6 Armour
 + Level 2.2 Dodging
 + Level 3.6 Shields
 * Level 3.2 Unarmed Combat


You had 5 spell levels left.
You didn't know any spells.
Your spell library was empty.

Dungeon Overview and Level Annotations

Branches:
Dungeon (4/15)
 Temple: D:4-7

Altars:
Dithmenos
Hepliaklqana
Nemelex Xobeh
Trog


Innate Abilities, Weirdness & Mutations

You have claws for hands.
You are partially covered in sharp spines.


Message History

The quokka bites you but does no damage.
The ball python hisses angrily.
You scratch the quokka.
You kill the quokka!
You scratch the ogre.
The ogre is lightly wounded.
The ogre hits you with a +0 giant club!
You scratch the ogre.
The ogre is moderately wounded.
The ogre hits you with a +0 giant club!
Your shield and scale mail prevent you from hitting the ogre.
The ogre is moderately wounded.
The ogre hits you with a +0 giant club!
* * * LOW HITPOINT WARNING * * *
You scratch the ogre.
The ogre is moderately wounded.
You claw the ogre!
The ogre is severely wounded.
The ogre is struck by your spines. The ogre hits you with a +0 giant club!
You die...

..... #...... #.
#...... #.
?.#..##..###.
...#...#.....# #
.............# ...
.............####...(.
.......#....S@O......
#.....##...#.####...
#........###.# .
##.....)##.....#
..#..............#
.......(..........
...............>...
............#......
...#...<...###....


You could see an ogre and a ball python.

Vanquished Creatures
  Grinder (D:3)
  An ogre (D:4)
  A worker ant (D:2)
  3 adders
  A worm (D:3)
  3 dart slugs
  2 leopard geckos
  5 orcs
  2 ball pythons
  8 bats
  4 giant cockroaches
  5 goblins
  7 hobgoblins
  4 jackals (D:2)
  10 kobolds
  2 quokkas
  A frilled lizard (D:1)
  5 rats
65 creatures vanquished.

Vanquished Creatures (others)
  2 plants (D:3)
2 creatures vanquished.

Grand Total: 67 creatures vanquished

Notes
Turn   | Place    | Note
-------+----------+-------------------------------------------
     0 | D:1      | Hasart the Demonspawn Fighter began the quest for the Orb.
     0 | D:1      | Reached XP level 1. HP: 18/18 MP: 1/1
    76 | D:1      | Gained mutation: You have sharp fingernails. [demonic
                  | ancestry]
    76 | D:1      | Reached XP level 2. HP: 17/24 MP: 2/2
   719 | D:2      | Reached skill level 1 in Dodging
   719 | D:2      | Reached skill level 1 in Unarmed Combat
   719 | D:2      | Gained mutation: You have very sharp fingernails. [demonic
                  | ancestry]
   719 | D:2      | Reached XP level 3. HP: 13/29 MP: 3/3
  1199 | D:2      | Reached XP level 4. HP: 34/35 MP: 4/4
  1626 | D:2      | Found a hazy altar of Hepliaklqana.
  1953 | D:3      | Noticed Grinder
  1965 | D:3      | Killed Grinder
  1965 | D:3      | Gained mutation: You have claws for hands. [demonic
                  | ancestry]
  1965 | D:3      | Reached XP level 5. HP: 23/42 MP: 5/5
  1965 | D:3      | Gained mutation: You are partially covered in sharp spines.
                  | [demonic ancestry]
  1965 | D:3      | Reached XP level 6. HP: 27/48 MP: 6/6
  2433 | D:3      | Found a faded altar of an unknown god.
  2495 | D:3      | Found a sparkling altar of Nemelex Xobeh.
  2495 | D:3      | Found a shadowy altar of Dithmenos.
  2711 | D:3      | Found a bloodstained altar of Trog.
  2771 | D:4      | Reached skill level 4 in Fighting
  2791 | D:4      | Slain by an ogre

Levels and vault maps discovered:
D:1:      saegor_arrival_under_anarchy, layout_rooms
D:2:      layout_basic, lemuel_round_altar, first_ration
D:3:      layout_loops_ring, lightli_temple_of_fire,
          gammafunk_temple_overflow_pools, chequers_ecumenical_altar_lobes,
          uniq_grinder
D:4:      layout_cave_pools, makhleb_heckhound_becter,
          hangedman_abyss_or_decor_stagger, minivault_24, uniq_eustachio,
          uniq_menkaure

Skill      XL: |  1  2  3  4  5  6 |
---------------+-------------------+-----
Axes           | 2 |  2.0
Armour         | 3 |  3.6
Dodging        | 1 2 |  2.2
Unarmed Combat | 1 2 3 |  3.2
Shields        | 3 |  3.6
Fighting       | 4 |  4.0

Action                   |  1- 3 |  4- 6 || total
-------------------------+-------+-------++-------
Melee: War axe           |    28 |       ||    28
       Unarmed           |   122 |   106 ||   228
  Use: Potion            |     1 |     1 ||     2
  Eat: Chunk             |     1 |     5 ||     6
Armor: Scale mail        |    59 |    30 ||    89
Dodge: Dodged            |    41 |    31 ||    72
Block: Shield            |    63 |    42 ||   105

Table legend:
 A = Non-vault XP
 B = Vault XP
 C = Vault XP percentage of total XP
 D = Non-vault monster count
 E = Vault monster count
 F = Vault count percentage of total count
                 A         B        C        D         E       F
            +---------+---------+-------+---------+---------+-------
      Total |     311 |     272 |  46.7 |      64 |       1 |   1.5
            +---------+---------+-------+---------+---------+-------
        D:1 |      35 |       0 |   0.0 |      21 |       0 |   0.0
        D:2 |      81 |       0 |   0.0 |      19 |       0 |   0.0
        D:3 |      68 |     272 |  80.0 |      21 |       1 |   4.5
        D:4 |     127 |       0 |   0.0 |       3 |       0 |   0.0
            +---------+---------+-------+---------+---------+-------
